 Dungeon Crawl Stone Soup version 0.22-a0-429-g97ce8ef (webtiles) character file.

2996 Jynxie the Cleaver (level 9, -3/86 HPs)
             Began as a Minotaur Wanderer on May 25, 2018.
             Slain by an orc warrior
             ... wielding a +0 war axe
              (15 damage)
             ... on level 6 of the Dungeon.
             The game lasted 00:17:59 (6146 turns).

Jynxie the Cleaver (Minotaur Wanderer)              Turns: 6146, Time: 00:18:00

Health: -3/86      AC: 14    Str: 17    XL:     9   Next: 54%
Magic:  8/8        EV:  9    Int: 10    God:
Gold:   294        SH:  0    Dex: 12    Spells: 8/8 levels left

rFire    . . .     SeeInvis .   t - -1 war axe
rCold    . . .     Gourm    .   (no shield)
rNeg     . . .     Faith    .   o - +1 scale mail
rPois    .         Spirit   .   (helmet restricted)
rElec    .         Reflect  .   (no cloak)
rCorr    .         Harm     .   (no gloves)
MR       +....                  q - +2 pair of boots {Stlth+}
Stlth    +.........             (no amulet)
HPRegen  0.24/turn              h - +4 ring of protection
MPRegen  0.11/turn              l - ring of protection from magic

@: berserk cooldown, slowed, very slow
A: retaliatory headbutt, horns 2
a: no special abilities


You were on level 6 of the Dungeon.
You were not hungry.

You visited 1 branch of the dungeon, and saw 7 of its levels.
You also visited: Ossuary.

You collected 294 gold pieces.

Inventory:

Hand Weapons
 a - a +2 hand axe
 t - a -1 war axe (weapon)
   (You found it on level 5 of the Dungeon)
Armour
 o - a +1 scale mail (worn)
   (You took it off an orc on level 3 of the Dungeon)
 q - a +2 pair of boots of stealth (worn)
   (You found it on level 3 of the Dungeon)
Jewellery
 h - a +4 ring of protection (left hand)
   (You found it on level 1 of the Dungeon)
 l - a ring of protection from magic (right hand)
   (You found it on level 3 of the Dungeon)
 z - an uncursed ring of see invisible
   (You found it on level 2 of the Dungeon)
Wands
 u - a wand of paralysis (19)
   (You found it on level 2 of the Dungeon)
 x - a wand of acid (1)
   (You took it off a crimson imp on level 5 of the Dungeon)
 y - a wand of polymorph (9)
   (You found it on level 6 of the Dungeon)
Scrolls
 b - 2 scrolls of remove curse {@r2}
 c - a scroll of enchant armour
 d - 8 scrolls of teleportation {@r4}
 f - 2 scrolls of blinking
 g - 2 scrolls of fear
 n - 3 scrolls of amnesia
 w - 2 scrolls of enchant weapon
 A - a scroll of immolation {!r}
Potions
 i - 7 potions of heal wounds {@q2}
 j - a potion of berserk rage
 m - 2 potions of haste {@q3}
 p - a potion of curing {@q1}
 r - a potion of might
 s - 2 potions of flight
Comestibles
 e - 13 rations {!d}
 k - 11 chunks of flesh


   Skills:
 + Level 10.3 Fighting
 * Level 12.6 Axes
 - Level 2.4 Armour
 - Level 1.5 Stealth
 - Level 1.0 Evocations


You had 8 spell levels left.
You didn't know any spells.
Your spell library contained the following spells:

 Spells                   Type           Power        Failure   Level  Hunger
 Apportation              Tloc           #.....       77%         1    ##.....
 Summon Small Mammal      Summ           #...         77%         1    ##.....
 Animate Skeleton         Necr           N/A          77%         1    ##.....
 Confusing Touch          Hex            #.....       77%         1    ##.....


Dungeon Overview and Level Annotations

Branches:
Dungeon (7/15)
 Temple: D:4-7

Altars:
Cheibriados
Fedhas
Okawaru
Trog
Zin

Shops:
D:4 *[(


Innate Abilities, Weirdness & Mutations

You reflexively headbutt those who attack you in melee.
You have a pair of horns on your head.


Message History

The kobold throws a stone.
The stone hits you but does no damage.
The orc warrior hits you but does no damage.
You closely miss the orc warrior.
You headbutt the orc warrior, but do no damage.
You hit the kobold but do no damage. You hit the orc but do no damage.
The orc warrior hits you with a war axe!
The orc hits you but does no damage. The kobold hits you.
You barely miss the orc warrior. You slash the kobold!
You kill the kobold!
You closely miss the orc. The orc hits you but does no damage.
The orc warrior hits you with a war axe.
* * * LOW HITPOINT WARNING * * *
The orc barely misses you. You furiously retaliate!
You headbutt the orc, but do no damage.
You are too injured to fight recklessly!
You closely miss the orc. You headbutt the orc. You hit the orc warrior.
The orc warrior hits you with a war axe!
* * * LOW HITPOINT WARNING * * *
The orc hits you but does no damage.
You slice the orc!!
You kill the orc!
You barely miss the orc warrior.
The orc warrior hits you but does no damage.
The orc warrior barely misses you. The kobold closely misses you.
You barely miss the orc warrior.
You headbutt the orc warrior, but do no damage.
You closely miss the kobold. The kobold closely misses you.
The orc warrior hits you with a war axe.
* * * LOW HITPOINT WARNING * * *
The kobold barely misses you.
The orc warrior hits you with a war axe!
* * * LOW HITPOINT WARNING * * *
You climb upwards.
The sentinel's mark upon you fades away.
There is a stone staircase leading down here.
You feel better. The kobold closely misses you. You furiously retaliate!
You headbutt the kobold.
The orc warrior hits you but does no damage.
The kobold barely misses you.
You hit the orc warrior but do no damage.
You hit the kobold.
You kill the kobold!
The orc warrior hits you with a war axe!
* * * LOW HITPOINT WARNING * * *
You feel better. The orc warrior barely misses you.
You slash the orc warrior!
The orc warrior hits you with a war axe.
* * * LOW HITPOINT WARNING * * *
The orc warrior hits you with a war axe!
You die...

...#..#....#.............# #..
...#..#....#.............# #..
...#..#....#.............# #..
####.(#....#.....##..##### #'#
..##..'....#>....###'##########..
...#..#)...#.....................
...#..#....#.....................
...#..#....#....(................
...#..#....#...o@................
...'..#....#.....................
#######....######################
######


You could see an orc warrior.

Vanquished Creatures
  The ghost of Jynxie the Slasher, an amateur FoMo (D:4)
  2 ice beasts
  2 phantoms (D:5)
  A necrophage (D:7)
  3 centaurs
  2 ogres
  A big kobold (D:7)
  An elf zombie (Ossuary)
  7 bullfrogs
  7 scorpions
  2 crimson imps
  2 hounds
  2 jellies (D:7)
  2 orc priests
  2 human zombies (Ossuary)
  7 orc wizards
  6 worker ants
  A hound zombie (Ossuary)
  A hound skeleton (D:7)
  5 mummies
  8 adders
  8 gnolls
  3 shadow imps
  4 oozes
  An adder skeleton (D:5)
  2 adder zombies
  3 worms
  2 dart slugs
  4 leopard geckos
  26 orcs
  3 giant cockroaches (D:3)
  6 goblins
  5 hobgoblins
  11 jackals
  12 kobolds
  2 quokkas
  4 ball pythons
  15 bats
  6 frilled lizards
  A goblin zombie (Ossuary)
  2 jackal zombies (Ossuary)
  2 kobold zombies (Ossuary)
  2 leopard gecko skeletons
  2 orc zombies (Ossuary)
  A quokka skeleton (D:5)
  9 rats
201 creatures vanquished.

Vanquished Creatures (others)
  12 fungi (D:5)
12 creatures vanquished.

Grand Total: 213 creatures vanquished

Notes
Turn   | Place    | Note
-------+----------+-------------------------------------------
     0 | D:1      | Jynxie the Minotaur Wanderer began the quest for the Orb.
     0 | D:1      | Jynxie set off with: a +2 hand axe, a +0 mace, a +0 ring mail, a +0 dagger, a ration {!d}
     0 | D:1      | Reached XP level 1. HP: 22/22 MP: 0/0
    72 | D:1      | Reached skill level 2 in Axes
    74 | D:1      | Reached skill level 5 in Fighting
    79 | D:1      | Reached XP level 2. HP: 21/29 MP: 1/1
   306 | D:1      | Reached skill level 3 in Axes
   687 | D:2      | Reached XP level 3. HP: 34/36 MP: 2/2
  1122 | D:3      | Found a blossoming altar of Fedhas.
  1495 | D:3      | Reached skill level 4 in Axes
  1495 | D:3      | Reached XP level 4. HP: 42/42 MP: 3/3
  1503 | D:3      | Found an iron altar of Okawaru.
  1733 | D:3      | Reached XP level 5. HP: 50/50 MP: 4/4
  1737 | D:3      | Reached skill level 5 in Axes
  2289 | D:3      | Found a glowing silver altar of Zin.
  2481 | D:4      | Found Koeh's Weapon Shoppe.
  2563 | D:4      | Noticed Jynxie's ghost (amateur FoMo)
  2568 | D:4      | Found a sand-covered staircase.
  2574 | Ossuary  | Entered an ossuary
  2591 | Ossuary  | Reached skill level 6 in Axes
  2591 | Ossuary  | Reached XP level 6. HP: 41/58 MP: 5/5
  2983 | D:4      | Killed Jynxie's ghost
  2983 | D:4      | Reached skill level 7 in Axes
  2983 | D:4      | Reached XP level 7. HP: 46/66 MP: 6/6
  3192 | D:4      | Found Jacont's Antique Armour Shoppe.
  3263 | D:4      | Found Ciuf's General Store.
  3323 | D:4      | Reached skill level 8 in Axes
  3482 | D:4      | Found a snail-covered altar of Cheibriados.
  3787 | D:5      | Entered Level 5 of the Dungeon
  4084 | D:5      | Reached skill level 9 in Axes
  4084 | D:5      | Reached XP level 8. HP: 50/74 MP: 7/7
  4516 | D:5      | Reached skill level 10 in Axes
  4990 | D:5      | Noticed a moth of wrath
  4992 | D:5      | Found a bloodstained altar of Trog.
  5286 | D:6      | Reached skill level 11 in Axes
  5500 | D:6      | Reached XP level 9. HP: 55/84 MP: 8/8
  6035 | D:7      | Got a shimmering shield
  6062 | D:7      | Identified the +1 shield of Unambiguity {rF- Int+4 Stlth+} (You found it on level 7 of the Dungeon)
  6111 | D:7      | Reached skill level 12 in Axes
  6112 | D:7      | Reached skill level 10 in Fighting
  6146 | D:6      | Slain by an orc warrior

Vault maps used:
D:1:      tarquinn_simple_flora_water_a, minmay_misc_feat_secret_circle,
          minmay_misc_feat_roman
D:2:      first_ration, minmay_randomly_rotated_circles
D:3:      okawaru_trees_2, zin_scriptorium, fedhas_altar_3
D:4:      kennysheep_slug_shrine, serial_shops, nicolae_shop_waterfront,
          kennysheep_little_box, nicolae_shop_stone, gup_ossuary_entry_pyramid
D:5:      old_forge, tgw_trog
D:6:      minmay_misc_feat_room
D:7:      marbit_many_paths, temple_statues
Ossuary:  ossuary_minmay_tomb_2a

Skill      XL: |  1  2  3  4  5  6  7  8  9 |
---------------+----------------------------+-----
Axes           | 2 3 4 6 7 9 11 12 | 12.6
Fighting       | 5 6 7 8 9 10 | 10.3
Armour         | |  2.4
Stealth        | |  1.5
Evocations     | |  1.0

Action                   |  1- 3 |  4- 6 |  7- 9 || total
-------------------------+-------+-------+-------++-------
Melee: Hand axe          |    80 |   144 |   122 ||   346
       Headbutt          |     9 |    25 |    52 ||    86
       War axe           |       |       |   170 ||   170
  Use: Scroll            |     4 |     5 |     7 ||    16
       Potion            |       |     2 |     4 ||     6
 Stab: Sleeping          |       |       |     2 ||     2
  Eat: Chunk             |     2 |     3 |     5 ||    10
       Ration            |       |     1 |     1 ||     2
Armor: Ring mail         |    40 |    19 |       ||    59
       Scale mail        |       |    74 |   159 ||   233
Dodge: Dodged            |    41 |    61 |   127 ||   229

Table legend:
 A = Spawn XP
 B = Non-spawn XP
 C = Spawn XP percentage of total XP
 D = Spawn monster count
 E = Non-spawn monster count
 F = Spawn count percentage of total count
 G = Total turns spent on level
                    A         B        C        D         E        F      G
               +---------+---------+-------+---------+---------+-------+---------
         Total |       0 |    4281 |   0.0 |       0 |     201 |   0.0 |  6146
               +---------+---------+-------+---------+---------+-------+---------
           D:1 |       0 |      37 |   0.0 |       0 |      20 |   0.0 |   682
           D:2 |       0 |      37 |   0.0 |       0 |      18 |   0.0 |   432
           D:3 |       0 |     216 |   0.0 |       0 |      37 |   0.0 |  1347
           D:4 |       0 |     423 |   0.0 |       0 |      23 |   0.0 |   932
           D:5 |       0 |    1226 |   0.0 |       0 |      40 |   0.0 |  1420
           D:6 |       0 |     900 |   0.0 |       0 |      17 |   0.0 |   811
           D:7 |       0 |    1152 |   0.0 |       0 |      30 |   0.0 |   128
       Ossuary |       0 |     290 |   0.0 |       0 |      16 |   0.0 |   394
               +---------+---------+-------+---------+---------+-------+---------
